 Dungeon Crawl Stone Soup version 0.30-a0-782-ge64f9170bb (webtiles) character file.

Game seed: 159974339608503157

147 Crownlay the Digger (level 5, 0/31 HPs)
             Began as an Octopode Earth Elementalist on Feb 26, 2023.
             Slain by an orc
             ... wielding a +0 war axe
              (10 damage)
             ... on level 3 of the Dungeon.
             The game lasted 00:04:11 (2257 turns).

Crownlay the Digger (Octopode Earth Elementalist)   Turns: 2257, Time: 00:04:11

Health: 0/31       AC:  1    Str:  8    XL:     5   Next: 29%
Magic:  0/9        EV: 13    Int: 19    God:
Gold:   100        SH:  0    Dex: 12    Spells: 6/10 levels left

rFire   . . .      SeeInvis .    b - +0 mace
rCold   . . .      Faith    .    (no shield)
rNeg    . . .      Spirit   +    (helmet restricted)
rPois   .          Reflect  .    n - amulet of guardian spirit
rElec   .          Harm     .    (no ring)
rCorr   .          Rampage  .    (no ring)
Will    .....                    (no ring)
Stlth   +++                      (no ring)
HPRegen 0.25/turn                (no ring)
MPRegen 0.11/turn                (no ring)
                                 (no ring)
                                 (no ring)

@: very slightly contaminated
A: almost no armour, amphibious, 8 rings, camouflage 1, gelatinous body 1,
(nimble swimmer 1), tentacles
a: no special abilities


You were on level 3 of the Dungeon.
You visited 1 branch of the dungeon, and saw 3 of its levels.

You collected 100 gold pieces.

Inventory:

Hand Weapons
 b - a +0 mace (weapon)
Jewellery
 n - an amulet of guardian spirit (around mantle)
Scrolls
 c - 5 scrolls of identify
 e - a scroll of magic mapping
 f - a scroll of fear {unknown}
 h - 2 scrolls of poison {unknown}
 j - 2 scrolls of noise {unknown}
 k - a scroll of enchant weapon {unknown}
 m - a scroll of teleportation {unknown}
 o - a scroll of immolation {unknown}
Potions
 a - a potion of magic
 d - a potion of berserk rage {unknown}
 g - 3 potions of lignification
 i - a potion of ambrosia {unknown}
 l - a potion of brilliance {unknown}


   Skills:
 - Level 2.0 Dodging
 - Level 2.6 Stealth
 + Level 3.1 Spellcasting
 - Level 1.0 Transmutations
 * Level 5.1 Earth Magic


You had 6 spell levels left.
You knew the following spells:

 Your Spells              Type           Power      Damage    Failure   Level
a - Sandblast             Erth           44%        2d11      1%          1
b - Stone Arrow           Conj/Erth      24%        3d8       16%         3

Your spell library contained the following spells:

 Spells                   Type           Power      Damage    Failure   Level
 Passwall                 Tmut/Erth      11%        N/A       6%          2
 Petrify                  Tmut/Erth      14%        N/A       38%         4
 Hailstorm                Conj/Ice       3%         3d3       41%         3
 Ice Form                 Ice/Tmut       4%         N/A       77%         4
 Simulacrum               Ice/Necr       1%         N/A       100%        6


Dungeon Overview and Level Annotations

Branches:
Dungeon (3/15)

Altars:
Fedhas
Qazlal
Sif Muna

Shops:
D:1 =


Innate Abilities, Weirdness & Mutations

You cannot wear most types of armour.
You are amphibious.
You can wear up to eight rings at the same time.
Your skin changes colour to match your surroundings (Stealth+).
Your rubbery body absorbs attacks. (AC +1, EV +1)
((You are camouflaged when in or above water. (Stealth+)))
You have tentacles for arms and can constrict up to eight enemies at once.


Message History

2 orcs come into view.
There are monsters nearby!
There are monsters nearby!
An orc and a dart slug come into view.
The blast of sand hits the orc.
The orc is lightly wounded.
The orc shouts! x3
The blast of sand hits the orc.
The orc is almost dead.
The blast of sand hits the orc!
You kill the orc!
The blast of sand hits the orc.
The orc is severely wounded.
The orc misses you. The orc hits you with a +0 flail.
The blast of sand hits the orc but does no damage.
The orc is severely wounded.
The orc misses you. The orc hits you with a +0 flail.
The blast of sand misses the orc.
The blast of sand hits the dart slug!
The dart slug is almost dead.
The orc hits you with a +0 war axe. The orc hits you but does no damage.
The orc hits you with a +0 flail. The orc barely misses you.
You miscast Sandblast.
You are very lightly contaminated with residual magic.
Nothing appears to happen.
The orc closely misses you. x2
The blast of sand hits the orc!
You kill the orc!
The orc hits you with a +0 war axe!
You are too injured to fight recklessly!
You hit the dart slug.
You kill the dart slug!
The orc completely misses you.
Casting: Sandblast (safe; 1% risk of failure)
Confirm with . or Enter, or press ? or * to list all spells.
Aiming: Sandblast (safe; 1% risk of failure)
Press: ? - help, Shift-Dir - straight line, f - orc
Aim: an orc, wielding a +0 war axe and wearing a +0 leather armour (83% to hit)
The blast of sand hits the orc.
The orc is heavily wounded.
The orc barely misses you. The orc hits you with a +0 war axe!
You die...

#........#.≈.###.#.≈..........
#.....†....≈.#...#.≈.##...###.
# #...[......≈.#._.#.≈.##.<.#
##
###########.#.≈.#...#.≈.##...#
.....#...†..#.≈.#.###.≈.##...#
####...)..#...≈.......≈.##...#
# ###.##.#.#.≈≈≈≈≈≈≈≈≈.##...#
#.##....................#
#.####.####@#########.###
#......# #o)# #.# ########
#... #.# #.#.. #.# #. ... ...
#. .... #.# #. #.##. #.# #. ..
.# #..


You could see an orc.

Vanquished Creatures
  4 gnolls (D:2)
  4 adders (D:2)
  2 dart slugs
  4 worms (D:2)
  2 orcs (D:3)
  3 ball pythons
  3 endoplasms
  2 giant cockroaches
  3 goblins (D:2)
  7 hobgoblins
  8 jackals
  3 kobolds
  A quokka (D:3)
  3 bats
  3 frilled lizards
  4 rats
56 creatures vanquished.

Notes
Turn   | Place    | Note
-------+----------+-------------------------------------------
     0 | D:1      | Crownlay the Octopode Earth Elementalist began the quest
                  | for the Orb.
     0 | D:1      | Reached XP level 1. HP: 11/11 MP: 3/3
   190 | D:1      | Found Jijaepar's Jewellery Shoppe.
   235 | D:1      | Reached XP level 2. HP: 17/17 MP: 3/5
   884 | D:2      | Reached XP level 3. HP: 21/21 MP: 2/6
  1005 | D:2      | Found a faded altar of an unknown god.
  1123 | D:2      | Reached skill level 4 in Earth Magic
  1213 | D:2      | Reached XP level 4. HP: 27/27 MP: 4/8
  1360 | D:2      | Learned a level 3 spell: Stone Arrow
  1544 | D:2      | Identified the +3 leather armour "Zaeziata" {Fly Str+3
                  | Dex+5}
  1594 | D:2      | Identified the +3 leather armour of Salvation {*Corrode
                  | Str+5}
  1624 | D:2      | Found a stormy altar of Qazlal.
  1739 | D:2      | Reached XP level 5. HP: 18/31 MP: 0/9
  1921 | D:2      | Reached skill level 5 in Earth Magic
  2065 | D:3      | Found a shimmering blue altar of Sif Muna.
  2163 | D:3      | Found a blossoming altar of Fedhas.
  2257 | D:3      | Slain by an orc

Illustrated notes

Levels and vault maps discovered:
D:1:      giann_wishing_wells, layout_loops_cross, serial_shops,
          nicolae_diamond_shop, minmay_unequal
D:2:      layout_loops_cross, ebering_ecumenical_altar_sacrificial, basic_altar
D:3:      layout_loops_cross, mainiacjoe_overflow_surrounded_room,
          mainiacjoe_overflow_brackets

Skill      XL: |  1  2  3  4  5 |
---------------+----------------+-----
Earth Magic    | 4 5 |  5.1
Spellcasting   | 3 |  3.1
Dodging        | |  2.0
Stealth        | |  2.6
Transmutations | |  1.0

Action                     |  1- 3 |  4- 6 || total
---------------------------+-------+-------++-------
  Melee: Mace              |     6 |     2 ||     8
         Tentacles         |     2 |       ||     2
         Constrict         |     2 |       ||     2
   Cast: Sandblast         |    43 |    43 ||    86
    Use: Scroll            |       |     2 ||     2
   Stab: Sleeping          |     1 |       ||     1
 Armour: Skin              |       |     1 ||     1
  Dodge: Dodged            |     5 |    14 ||    19

Table legend: (Time is in decaauts)
 A = Elapsed time spent in this place.
 B = Non-inter-level travel time spent in this place.
 C = Inter-level travel time spent in this place.
 D = Time resting spent in this place.
 E = Time spent auto-exploring this place.
 F = Levels seen in this place.
 G = Mean time per level.
                   A        B        C        D        E       F      G
               +--------+--------+--------+--------+--------+-----+--------+
         Total |   2301 |   2236 |     65 |      0 |   1922 |   3 |  767.0 |
       Dungeon |   2301 |   2236 |     65 |      0 |   1922 |   3 |  767.0 |
               +--------+--------+--------+--------+--------+-----+--------+

Top non-repeatable levels by time:
     D:2: 1121 daAuts
     D:1: 892 daAuts
     D:3: 287 daAuts
